 Dungeon Crawl Stone Soup version 0.31-a0-233-g139696dc86 (webtiles) character file.

Game seed: 13839227551674342715

66 qw the Shooter (level 4, -1/26 HPs)
             Began as a Gargoyle Hexslinger on July 7, 2023.
             Slain by a cerulean imp
             ... wielding a +2 spear
             ... summoned by Natasha
              (3 damage)
             ... on level 2 of the Dungeon.
             The game lasted 00:00:24 (1084 turns).

qw the Shooter (Gargoyle Hexslinger)                Turns: 1084, Time: 00:00:24

Health: -1/26      AC: 11    Str: 12    XL:     4   Next: 15%
Magic:  5/5        EV: 10    Int: 13    God:
Gold:   137        SH:  0    Dex: 14    Spells: 4/5 levels left

rFire   . . .        Y - +1 sling
rCold   . . .        (no shield)
rNeg    + . .        h - +0 ring mail
rPois   inf          d - +0 helmet
rElec   +            (no cloak)
rCorr   .            (no gloves)
SInv    .            a - +0 pair of boots
Will    .....        (no amulet)
Stlth   +            (no ring)
HPRegen 0.24/turn    (no ring)
MPRegen 0.09/turn

%: no passive effects
@: no status effects
A: sickness immunity, AC +3, negative energy resistance 1, electricity
resistance, torment resistance 1, petrification resistance
a: no special abilities


You were on level 2 of the Dungeon.
You visited 1 branch of the dungeon, and saw 2 of its levels.

You collected 137 gold pieces.


Innate Abilities, Weirdness & Mutations

You are immune to sickness and miasma.
Your stone body is resilient. (AC +3)
You are immune to poison.
You resist negative energy. (rN+)
You are resistant to electric shocks. (rElec)
You are resistant to unholy torment.
You are immune to petrification.


   Skills:
 - Level 2.2 Fighting
 + Level 3.2 Ranged Weapons
 - Level 1.8 Armour
 - Level 1.5 Dodging
 - Level 1.0 Spellcasting
 - Level 2.6 Hexes


You had 4 spell levels left.
You knew the following spells:

 Your Spells              Type           Power      Damage    Failure   Level
a - Slow                  Hex            28%        N/A       21%         1

Your spell library contained the following spells:

 Spells                   Type           Power      Damage    Failure   Level
 Inner Flame              Hex/Fire       4%         N/A       71%         3
 Portal Projectile        Hex/Tloc       8%         N/A       71%         3
 Cause Fear               Hex            3%         N/A       90%         4

Inventory:

Hand Weapons
 Y - a +1 sling (weapon)
Armour
 a - a +0 pair of boots (worn)
 c - the +1 ring mail "Forchat" {rF- Int+3}
   (You found it on level 2 of the Dungeon)

   Int:       It affects your intelligence (+3).
   rF:        It makes you vulnerable to fire.
 d - a +0 helmet (worn)
 g - a scarf of harm
 h - a +0 ring mail (worn)
Scrolls
 b - a scroll of enchant armour {unknown}
Potions
 e - a potion of might
 f - a potion of magic {unknown}

Dungeon Overview and Level Annotations

Branches:
Dungeon (2/15)

Altars:

Shops:
D:1 (

Annotations:
D:2 Natasha


Message History

The sling bullet barely misses the cerulean imp.
The cerulean imp hits you but does no damage.
Something claws you but does no damage.
The cerulean imp hits you but does no damage.
You shoot a sling bullet.
The sling bullet hits the cerulean imp but does no damage.
The cerulean imp is heavily wounded.
The cerulean imp hits you with a +0 spear.
Something claws you but does no damage.
The cerulean imp hits you from afar with a +0 spear.
The cerulean imp hits you but does no damage.
You shoot a sling bullet.
The sling bullet closely misses the cerulean imp.
You hear some strange, mumbled words.
The cerulean imp hits you but does no damage.
The cerulean imp barely misses you. Something claws you but does no damage.
The cerulean imp closely misses you.
You shoot a sling bullet.
The sling bullet closely misses the cerulean imp.
The cerulean imp hits you with a +0 spear.
Something claws you but does no damage. The cerulean imp closely misses you.
The cerulean imp hits you from afar with a +2 spear.
You shoot a sling bullet.
The sling bullet hits the cerulean imp but does no damage.
The cerulean imp is heavily wounded.
The cerulean imp closely misses you. Something claws you but does no damage.
The cerulean imp hits you from afar with a +2 spear.
The cerulean imp hits you from afar with a +0 spear.
The cerulean imp closely misses you.
You shoot a sling bullet.
The sling bullet closely misses the cerulean imp.
Something claws you but does no damage.
The cerulean imp hits you but does no damage.
The cerulean imp closely misses you.
The cerulean imp hits you but does no damage.
You hear some strange, mumbled words.
A magic dart appears from out of thin air!
The magic dart hits you.
The cerulean imp hits you from afar with a +2 spear.
You die...

.....~.~..~7~~P~~~~~~~.......#
#.###7~P~~~~~~~~~~~~~~7#######
#.## #~~~~~~~~~~~~~~~7..
#..####7P~~~~~~P~~7~~...
##....#P~~%~~~~~777.....
#####.#~~~~~~~7....#....
...##...7777775....##.#
##.####.## #.5{......#
.#.####..# #..5@...#
.#.......# #.####..#
....###..## #.# ## ###.##....#
#.# ...(##....###.#
.#####........# .# #....#####
.# ####.. .## ....


You could see 3 cerulean imps.

Vanquished Creatures
  Natasha (D:2)
  2 adders (D:2)
  A dart slug (D:1)
  2 endoplasms
  A giant cockroach (D:2)
  3 hobgoblins
  5 kobolds
  2 ball pythons (D:2)
  3 bats (D:1)
  A frilled lizard (D:2)
  3 rats
24 creatures vanquished.

Notes
Turn   | Place    | Note
-------+----------+-------------------------------------------
     0 | D:1      | qw the Gargoyle Hexslinger began the quest for the Orb.
     0 | D:1      | Reached XP level 1. HP: 12/12 MP: 2/2
     0 | D:1      | 0 ||| qw: Version: 0.3-a-46-gb1f654a
     0 | D:1      | 0 ||| qw: Game counter: 3004
     0 | D:1      | 0 ||| qw: Melee chars always use a shield: true
     0 | D:1      | 0 ||| qw: God list: Okawaru
     0 | D:1      | 0 ||| qw: Allow faded altars: false
     0 | D:1      | 0 ||| qw: Do Orc after clearing Dungeon:15 true
     0 | D:1      | 0 ||| qw: Do second Lair branch before Depths: true
     0 | D:1      | 0 ||| qw: Lair rune preference: random
     0 | D:1      | 0 ||| qw: Goals: Normal
     0 | D:1      | 0 ||| PLANNING D:1-11
   197 | D:1      | Reached XP level 2. HP: 11/16 MP: 3/3
   297 | D:1      | Found Rasmofor's Antique Weapon Emporium.
   526 | D:1      | 526 ||| UPGRADING to +0 helmet.
   531 | D:1      | 531 ||| UPGRADING to +0 ring mail.
   541 | D:1      | 541 ||| DROPPING +0 robe.
   542 | D:1      | 542 ||| READING scroll labelled EFATHR EVEBI.
   543 | D:1      | 543 ||| DRINKING 2 yellow potions.
   544 | D:1      | 544 ||| DROPPING scroll of poison.
   553 | D:2      | Reached skill level 3 in Ranged Weapons
   591 | D:2      | 591 ||| UPGRADING to +0 pair of boots.
   597 | D:2      | 597 ||| Stepping ~*~*~tactically~*~*~ (water).
   731 | D:2      | Reached XP level 3. HP: 18/21 MP: 4/4
   771 | D:2      | Noticed Natasha
   782 | D:2      | Killed Natasha
   783 | D:2      | Reached skill level 1 in Armour
   981 | D:2      | Identified the +1 ring mail "Forchat" {rF- Int+3}
  1047 | D:2      | Reached XP level 4. HP: 26/26 MP: 5/5
  1062 | D:2      | Noticed Natasha
  1082 | D:2      | HP: 6/26 [cerulean imp/+2 spear[Natasha] (4)]
  1083 | D:2      | HP: 2/26 [cerulean imp/+0 spear[Natasha] (1)]
  1084 | D:2      | Slain by a cerulean imp

Levels and vault maps discovered:
D:1:      eino_arrival_cavern_c, layout_rooms, serial_shops,
          nicolae_shop_real_fake_doors
D:2:      layout_basic, serial_bayou_ford_a, uniq_natasha

Skill      XL: |  1  2  3 |
---------------+----------+-----
Ranged Weapons | 3 |  3.2
Fighting       | 2 |  2.2
Armour         | 1 |  1.8
Dodging        | |  1.5
Spellcasting   | |  1.0
Hexes          | |  2.6

Action                     |  1- 3 |  4- 6 || total
---------------------------+-------+-------++-------
   Fire: Sling             |    74 |    22 ||    96
    Use: Scroll            |     1 |       ||     1
         Potion            |     1 |       ||     1
 Armour: Robe              |     1 |       ||     1
         Ring mail         |    11 |    25 ||    36
  Dodge: Dodged            |    23 |    13 ||    36

Table legend:
 A = Non-vault XP
 B = Vault XP
 C = Vault XP percentage of total XP
 D = Non-vault monster count
 E = Vault monster count
 F = Vault count percentage of total count
                 A         B        C        D         E       F
            +---------+---------+-------+---------+---------+-------
      Total |      60 |      35 |  36.8 |      23 |       1 |   4.2
            +---------+---------+-------+---------+---------+-------
        D:1 |      18 |       0 |   0.0 |      11 |       0 |   0.0
        D:2 |      42 |      35 |  45.5 |      12 |       1 |   7.7
            +---------+---------+-------+---------+---------+-------
